[ PARTIDA AOE2 · #505132981 ]
UnrankedTupíes vs Franks
Equipo del jugador · DERR
Equipo rival · VICT
[ ANÁLISIS DE REPETICIÓN · EXTRAÍDO DE LA PARTIDA GRABADA ]
Feudal
11:23
Castillos
—
Imperial
—
| APM promedio | 72.2 |
| APM pico | 119 |
| eAPM promedio | 36.7 |
| Aldeanos / militares | 38 / 4 |
Foco
⚔️ 54.6% · 🌾 45.4%
Unknown (2550) ×7 · Spearman ×4
Feudal
8:37
Castillos
—
Imperial
—
| APM promedio | 65.5 |
| APM pico | 86 |
| eAPM promedio | 28.2 |
| Aldeanos / militares | 42 / 4 |
Foco
⚔️ 36.0% · 🌾 64.0%
Scout Cavalry ×4
Mapa de la partida
Recursos iniciales + cada clic de construcción. Líneas = muros · curvas = relieve. ◆ oro · ⬟ piedra · ● bayas · ✦ reliquia · ◌ hueco del cierre
Tu base· Abierta — flanco sin cerrar
Base de LVA - JC· Abierta — flanco sin cerrar
Terreno inicial suavizado · ◌ = hueco del cierre detectado · pasá el cursor para detalles
Inputs por minuto
— SVTT | Альпинист - - LVA - JC
Build order — SVTT | Альпинист
63 acciones detectadas en el replay
| 0:01 | Encolar | Villager (Male) |
| 0:01 | Encolar | Villager (Male) |
| 0:02 | Construir | House |
| 0:03 | Construir | House |
| 0:05 | Encolar | Villager (Male) |
| 0:06 | Encolar | Villager (Male) |
| 0:32 | Construir | Barracks |
| 1:09 | Encolar | Villager (Male) |
| 1:09 | Encolar | Villager (Male) |
| 1:28 | Investigar | Loom |
| 1:31 | Encolar | Unit 2550 |
| 1:32 | Encolar | Unit 2550 |
| 2:11 | Encolar | Unit 2550 |
| 2:11 | Encolar | Unit 2550 |
| 2:31 | Encolar | Villager (Male) |
| 2:31 | Encolar | Villager (Male) |
| 2:52 | Encolar | Villager (Male) |
| 2:52 | Encolar | Villager (Male) |
| 3:13 | Encolar | Villager (Male) |
| 3:13 | Encolar | Villager (Male) |
| 3:20 | Construir | House |
| 3:40 | Encolar | Villager (Male) |
| 3:40 | Encolar | Villager (Male) |
| 4:00 | Encolar | Villager (Male) |
| 4:00 | Encolar | Villager (Male) |
| 4:03 | Encolar | Villager (Male) |
| 4:32 | Encolar | Villager (Male) |
| 4:33 | Encolar | Villager (Male) |
| 4:33 | Encolar | Villager (Male) |
| 5:04 | Encolar | Unit 2550 |
| 5:52 | Encolar | Villager (Male) |
| 5:52 | Encolar | Villager (Male) |
| 5:55 | Construir | House |
| 5:59 | Construir | Settlement |
| 5:59 | Encolar | Villager (Male) |
| 6:37 | Encolar | Villager (Male) |
| 7:41 | Encolar | Villager (Male) |
| 7:41 | Encolar | Villager (Male) |
| 7:54 | Encolar | Villager (Male) |
| 8:17 | Construir | Settlement |
| 8:24 | Construir | Settlement |
| 8:37 | Encolar | Villager (Male) |
| 9:03 | Investigar | Feudal Age |
| 9:04 | Investigar | Feudal Age |
| 10:10 | Construir | Settlement |
| 11:23 | Edad | Edad Feudal |
| 11:27 | Construir | Watch Tower |
| 11:53 | Encolar | Spearman |
| 11:53 | Encolar | Unit 2550 |
| 12:18 | Encolar | Unit 2550 |
| 12:19 | Encolar | Spearman |
| 12:54 | Encolar | Spearman |
| 12:54 | Encolar | Spearman |
| 13:06 | Encolar | Villager (Male) |
| 13:06 | Encolar | Villager (Male) |
| 13:06 | Encolar | Villager (Male) |
| 13:06 | Encolar | Villager (Male) |
| 13:07 | Encolar | Villager (Male) |
| 13:07 | Encolar | Villager (Male) |
| 13:07 | Encolar | Villager (Male) |
| 13:07 | Encolar | Villager (Male) |
| 13:08 | Encolar | Villager (Male) |
| 13:08 | Encolar | Villager (Male) |
Build order — LVA - JC
77 acciones detectadas en el replay
| 0:00 | Encolar | Villager (Male) |
| 0:01 | Encolar | Villager (Male) |
| 0:02 | Construir | House |
| 0:04 | Construir | House |
| 0:07 | Encolar | Villager (Male) |
| 0:07 | Encolar | Villager (Male) |
| 1:30 | Encolar | Villager (Male) |
| 1:54 | Construir | Lumber Camp |
| 1:54 | Encolar | Villager (Male) |
| 1:55 | Encolar | Villager (Male) |
| 2:15 | Encolar | Villager (Male) |
| 2:40 | Encolar | Villager (Male) |
| 2:41 | Encolar | Villager (Male) |
| 2:58 | Construir | House |
| 2:59 | Encolar | Villager (Male) |
| 3:40 | Encolar | Villager (Male) |
| 3:40 | Encolar | Villager (Male) |
| 3:54 | Encolar | Villager (Male) |
| 3:55 | Encolar | Villager (Male) |
| 4:06 | Encolar | Villager (Male) |
| 4:16 | Encolar | Villager (Male) |
| 4:27 | Construir | Mill |
| 5:00 | Encolar | Villager (Male) |
| 5:14 | Construir | Palisade Wall |
| 5:15 | Construir | Palisade Wall |
| 5:20 | Encolar | Villager (Male) |
| 5:24 | Encolar | Villager (Male) |
| 5:24 | Investigar | Loom |
| 5:36 | Construir | House |
| 6:27 | Investigar | Feudal Age |
| 6:27 | Investigar | Feudal Age |
| 6:53 | Construir | Palisade Wall |
| 7:00 | Construir | Palisade Wall |
| 7:05 | Encolar | Villager (Male) |
| 7:20 | Construir | House |
| 7:46 | Construir | Palisade Wall |
| 7:51 | Construir | Barracks |
| 7:56 | Construir | Palisade Wall |
| 7:59 | Encolar | Villager (Male) |
| 8:18 | Construir | Palisade Wall |
| 8:19 | Construir | Palisade Wall |
| 8:24 | Encolar | Villager (Male) |
| 8:37 | Edad | Edad Feudal |
| 8:42 | Encolar | Villager (Male) |
| 8:56 | Investigar | Double-Bit Axe |
| 9:24 | Construir | Stable |
| 9:56 | Encolar | Scout Cavalry |
| 10:02 | Construir | Farm |
| 10:09 | Construir | Farm |
| 10:13 | Encolar | Villager (Male) |
| 10:13 | Encolar | Villager (Male) |
| 10:39 | Encolar | Villager (Male) |
| 10:40 | Encolar | Villager (Male) |
| 10:41 | Construir | Farm |
| 10:42 | Construir | Farm |
| 10:57 | Construir | Farm |
| 11:05 | Encolar | Villager (Male) |
| 11:05 | Encolar | Villager (Male) |
| 11:05 | Encolar | Villager (Male) |
| 11:15 | Construir | House |
| 11:22 | Encolar | Scout Cavalry |
| 11:28 | Construir | Farm |
| 11:54 | Encolar | Villager (Male) |
| 12:00 | Encolar | Villager (Male) |
| 12:26 | Encolar | Villager (Male) |
| 12:26 | Encolar | Villager (Male) |
| 12:26 | Encolar | Villager (Male) |
| 12:30 | Construir | Watch Tower |
| 12:39 | Encolar | Scout Cavalry |
| 12:39 | Encolar | Scout Cavalry |
| 12:48 | Encolar | Villager (Male) |
| 12:48 | Encolar | Villager (Male) |
| 12:57 | Encolar | Villager (Male) |
| 13:28 | Encolar | Villager (Male) |
| 13:28 | Encolar | Villager (Male) |
| 13:36 | Construir | Farm |
| 13:37 | Encolar | Villager (Male) |
Cronología de la partida
| 0:32 | SVTT | Альпинист · first_building Barracks |
| 5:14 | LVA - JC · wall_segment Palisade Wall x1 |
| 5:15 | LVA - JC · wall_segment Palisade Wall x1 |
| 6:53 | LVA - JC · wall_segment Palisade Wall x1 |
| 7:00 | LVA - JC · wall_segment Palisade Wall x5 |
| 7:46 | LVA - JC · wall_segment Palisade Wall x6 |
| 7:51 | LVA - JC · first_building Barracks |
| 7:56 | LVA - JC · wall_segment Palisade Wall x7 |
| 8:18 | LVA - JC · wall_segment Palisade Wall x2 |
| 8:19 | LVA - JC · wall_segment Palisade Wall x1 |
| 8:37 | LVA - JC · age_up feudal |
| 9:24 | LVA - JC · first_building Stable |
| 11:23 | SVTT | Альпинист · age_up feudal |
| 13:37 | SVTT | Альпинист · resign |
[ ANÁLISIS IA · 1 CRÉDITO ]
¿Qué pasó realmente en esta partida?
Wolo.gg analiza cada decisión: build order, eco, micro, errores típicos por bracket. Análisis personalizado por WhatsApp o Discord en 30 segundos.
Guía civ
Tupíes
Perfil
SVTT | Альпинист